Workbook
Name Actividades: 'PRESUPUESTO OFICIAL'!$G$13:$G$15
Name cantidades: 'PRESUPUESTO OFICIAL'!$I$13:$I$15
Name Item: 'PRESUPUESTO OFICIAL'!$D$13:$D$15
Name Unidades: 'PRESUPUESTO OFICIAL'!$H$13:$H$15

Sheet PRESUPUESTO OFICIAL
C3: Código | D3: CCE-EICP-FM-14 | E3: Versión | F3: 2
C6: FORMULARIO 1 PRESUPUESTO OFICIAL
C7: MANTENIMIENTO RUTINARIO DE LAS VIAS TERCIARIAS DEL MUNICIPIO DE AGUACHICA, DEPARTAMENTO DEL CESAR
C10: Nº | D10: ÍTEM DE PAGO | E10: ESPECIFICACIONES | G10: DESCRIPCIÓN | H10: UND | I10: CANTIDAD | J10: VALOR UNITARIO | K10: VALOR TOTAL
E11: GENERAL | F11: PARTICULAR
C12: 1. Preliminares
D13: 1.01 | G13: Conformación de calzada existente, sin adición de material - incluye rectificación de cunetas | H13: M2 | I13: =+M1.01!J21 -> 201500 | J13: =+'1.01'!O47 -> 1033 | K13: =ROUND(I13*J13,0) -> 208149500 | O13: 1173 | P13: =+O13*I13 -> 236359500 | T13: =+O13/1.3 -> 902.30769
D14: 1.02 | G14: Mejoramiento de la sub-rasante con adicion de materiales | H14: M2 | I14: =M1.02!J14 -> 52571.668 | J14: ='1.02'!O48 -> 2398 | K14: =ROUND(I14*J14,0) -> 126066860 | O14: 2665 | P14: =+O14*I14 -> 1.401035e+08 | Q14: =+P15*0.01 -> 3764630 | T14: =+O14/1.3 -> 2050
C15: Subtotal | K15: =SUM(K13:K14) -> 334216360 | P15: =+P13+P14 -> 3.76463e+08 | Q15: =+P15+Q14 -> 3.8022763e+08 | S15: =+Q15*1.3 -> 4.9429591e+08
C16: SUBTOTAL OBRAS | K16: =+K15 -> 334216360
G18: Plan de manejo de tránsito | J18: 0.01 | K18: =ROUND(K16*J18,0) -> 3342164 | O18: =+O24-K21 -> 42669101 | P18: =+O18/O24 -> 0.11221989
G19: SUBTOTAL OBRAS (INCLUYE IVA) | K19: =+K16+K18 -> 337558524
G20: Interventoría | J20: 0 | K20: =ROUND(K19*J20,0) -> 0
G21: VALOR TOTAL | K21: =+K19+K20 -> 337558524 | N21: =+O24*0.12 -> 45627315 | O21: =+O24-N21 -> 334600310
C24: NOTA 1: Se debe tener en cuenta que el PRECIO UNITARIO incluye el valor de A.I.U. | H24: DESCRIPCION | K24: PORCENTAJE | O24: 380227625 | P24: =+O24-O21 -> 45627315
C25: NOTA 2: Cuando la fracción decimal del peso sea igual o superior a 5 se aproximará por exceso al número entero siguiente del peso y cuando la fracción decimal del peso sea inferior a 5 se aproximará por defecto al número entero del peso. | H25: ADMINISTRACIÓN | J25: A= | K25: 0.27
C26: NOTA 3: El A.I.U y su discriminación deben estar en porcentaje (%). | H26: IMPREVISTO | J26: I= | K26: 0
C27: NOTA 4: Los valores de los Materiales de Obra y equipo se ajustan a los valores comerciales. | H27: UTILIDAD | J27: U= | K27: 0.03
C28: NOTA 5: | H28: TOTAL A.I.U | J28: A.I.U.= | K28: =K25+K26+K27 -> 0.3
C29: NOTA 6:
G32: PDF FIRMADO
D34: Giancarlo Solano Lobo
D35: R/L ESTRUCAD INGENIERIA Y CONSULTORIA S.A.S.
D36: OFERENTE

Sheet MO2021
C3: Código | D3: MO2020 | E3: Versión | F3: 2
E5: ALCALDÍA DE AGUACHICA
C8: TARIFAS MANO DE OBRA Y PRESTACIONES SOCIALES
C10: 1.-SALARIOS DE MANO DE OBRA | G10: %
C11: A- Salario Minimo Legal | F11: 908526
C12: B- Auxilio de Transporte | F12: 106454
C13: C- Total Mensual | F13: =SUM(F11:F12) -> 1014980
C14: D- Anual (SB*12) | F14: =+F11*12 -> 10902312 | G14: 1
C15: Subsidio de Transporte Anual | F15: =+F12*12 -> 1277448 | G15: =F15/$F$14 -> 0.11717221
C16: Descuento a subsidio de transporte | E16: 18 | F16: =-(F12/30)*E16 -> -63872.4
C17: E- Anual con Subsidio de Transporte | F17: =+F14+F15 -> 12179760
C19: PRESTACIONES | D19: BASE
C20: Cesantias | D20: E | E20: 0.1 | F20: =+F17*E20 -> 1217976 | G20: =F20/$F$14 -> 0.11171722
C21: Intereses | D21: =+C20 -> Cesantias | E21: 0.12 | F21: =+F20*E21 -> 146157.12 | G21: =F21/$F$14 -> 0.013406067
C22: Vacaciones 15 Dias | D22: A | E22: 0.5 | F22: =+F11/2 -> 454263 | G22: =F22/$F$14 -> 0.041666667
C23: Primas 30 Dias | D23: C | E23: 1 | F23: =+F13 -> 1014980 | G23: =F23/$F$14 -> 0.093097684
C25: OTROS COSTOS
C26: Botas, Camisa y Overol | D26: 165000 | E26: 3 | F26: =+D26*E26 -> 495000 | G26: =F26/$F$14 -> 0.045403214
C27: Seguro Colectivo | D27: D | E27: 0 | F27: =+F14*E27 -> 0 | G27: =F27/$F$14 -> 0
C28: Examen médico | F28: 336280 | G28: =F28/$F$14 -> 0.030844834
C30: SEGURIDAD SOCIAL
C31: Pensiones | D31: D | E31: 0.12 | F31: =+F14*E31 -> 1308277.4 | G31: =F31/$F$14 -> 0.12
C32: Medicina Familiar | D32: D | E32: 0 | F32: =+F14*E32 -> 0 | G32: =F32/$F$14 -> 0
C33: Riesgos Profesionales | D33: D | E33: 0.0696 | F33: =+F14*E33 -> 758800.92 | G33: =F33/$F$14 -> 0.0696
C35: APORTES SENA
C36: Aporte Ordinario | D36: D | E36: 0 | F36: =+F14*E36 -> 0 | G36: =F36/$F$14 -> 0
C37: F.I.C | D37: Nota 4 | F37: =+(F11*12)/40 -> 272557.8 | G37: =F37/$F$14 -> 0.025
C39: OTROS APORTES
C40: I.C.B.F | D40: D | E40: 0 | F40: =+F14*E40 -> 0 | G40: =F40/$F$14 -> 0
C41: Subsidio Familiar | D41: D | E41: 0.04 | F41: =+F14*E41 -> 436092.48 | G41: =F41/$F$14 -> 0.04
C43: VALOR REAL DEL SALARIO | F43: =SUM(F16:F42) -> 18556272 | G43: =F43/$F$14 -> 1.7020493
C45: NOTAS:
C46: 1.- Subsidio de transporte solo se paga hasta sueldos de 2 salarios minimos mensules legales vigentes.
C47: 2.- Subsidio de transporte anual = Subsidio mensual / 30 x (365 dias-18 fiestas - 3 permisos- 15 dias vacaciones).
C48: 3.- Porcentajes solo son validos para actividades de construccion. Para otros empleados se debe utilizar 30 dias de cesantia y 2.2% (promedio para empresas de bajo riesgo).
C49: 4.- Un salario minimo por cada 40 trabajadores. El valor se obtiene asi: (Salario minimo x 12 / 40) / Salario annual estudiado.
C50: 5.- El artículo 65 de la ley 1819 de 2016 exonera las sociedades y personas jurídicas del pago de parafiscales de Sena e ICBF y cotizaciones al régimen de salud por trabajadores que devenguen menos de 10 salarios mínimos
C51: 6.- Todos los porcentajes estan relacionados con el salario para 360 dias.
C52: 7.- Los 18 feriados hacen referencia a los dias feriados que de lunes a viernes tendra 2020
C54: 2- CALCULO DE SOBRECOSTO POR HORAS EFECTIVAS TRABAJADAS-OBREROS CON UN SALARIO MINIMO TRABAJADO
C56: A- Anual con Subsidio de Transporte | F56: =+F43 -> 18556272
C57: B- Horas Calendario Anuales | E57: 365 x 8 Hhr | F57: =365*8 -> 2920
C58: C- Horas Laborales Anuales | E58: (52 Sem x 48 Hr)+8Hr | F58: =52*48+8 -> 2504
C59: D- Horas Habiles Anuales | E59: 2920 Hr-((52 Dom + 18 Fiestas + 3 Permisos+15 días vacaciones) x 8 Hr) | F59: =2920-(52+18+3+15)*8 -> 2216
C60: E- Valor Hora simplificada | E60: (SB/30)/8 | F60: =(F11/30)/8 -> 3785.525 | G60: 1
C61: F- Valor Hora Calendario | E61: A/B | F61: =+F56/F57 -> 6354.8878 | G61: =(F61/F60) -> 1.6787335
C62: G- Valor Hora Laboral | E62: A/C | F62: =+F56/F58 -> 7410.6519 | G62: =(F62/F60) -> 1.9576286
C63: H- Valor Hora Efectiva | E63: A/D | F63: =+F56/F59 -> 8373.7691 | G63: =F63/F60 -> 2.2120496
C65: NOTAS:
C66: Los factores de sobrecostos se utilizan para valorizar el tiempo efectivo que un obrero dedica a su labor y refleja el costo del tiempo durante el cual no esta trabajando pero si esta devengando.
C67: Si se toma como base la hora calendario, se incrementa 24.57% para obtener la hora efectiva.
C68: Si se toma como base la hora laboral, se incrementa 6.83% para obtener la hora efectiva.
C70: CALCULO DE CUADRILLAS
C72: CUADRILLA "AA" (Albañileria)
C73: Jornal Ayudante | E73: 1.2 Minimos | F73: =(+F11*12/365)*1.2 -> 35843.218
C74: Valor Real del Jornal | E74: 2.1477 | F74: =+F73*E74 -> 76980.478
C75: Valor Total Hr Ayudante | F75: =+F74/8 -> 9622.5598
C77: Jornal Oficial | E77: 2.1 Minimos | F77: =(+F11*12/365)*2.1 -> 62725.631
C78: Valor Real del Jornal | E78: 2.1059 | F78: =+F77*E78 -> 132093.91
C79: Valor Total Hr Oficial | F79: =+F78/8 -> 16511.738
C81: Valor Dia Cuadrilla | F81: =+F78+F74 -> 209074.38
C82: Valor Hr Cuadrilla | D82: =C72 -> CUADRILLA "AA" (Albañileria) | F82: =+F79+F75 -> 26134.298
C84: CUADRILLA "BB" (Instalaciones)
C85: Jornal Ayudante | E85: 1.32 Minimos | F85: =+F73*1.1 -> 39427.539
C86: Valor Real del Jornal | E86: 2.1477 | F86: =+F74*1.1 -> 84678.526
C87: Valor Total Hr Ayudante | F87: =+F75*1.1 -> 10584.816
C89: Jornal Oficial | E89: 2.31 Minimos | F89: =+F77*1.1 -> 68998.194
C90: Valor Real del Jornal | E90: 2.1059 | F90: =+F78*1.1 -> 145303.3
C91: Valor Total Hr Oficial | F91: =+F79*1.1 -> 18162.912
C93: Valor Dia Cuadrilla | F93: =+F90+F86 -> 229981.82
C94: Valor Hr Cuadrilla | D94: =C84 -> CUADRILLA "BB" (Instalaciones) | F94: =+F91+F87 -> 28747.728
C96: CUADRILLA "CC" (Pintura)
C97: Jornal Ayudante | E97: 1.38 Minimos | F97: =+F73*1.15 -> 41219.7
C98: Valor Real del Jornal | E98: 2.1477 | F98: =+F74*1.15 -> 88527.55
C99: Valor Total Hr Ayudante | F99: =+F75*1.15 -> 11065.944
C101: Jornal Oficial | E101: 2.415 Minimos | F101: =+F77*1.15 -> 72134.475
C102: Valor Real del Jornal | E102: 2.1059 | F102: =+F78*1.15 -> 151907.99
C103: Valor Total Hr Oficial | F103: =+F79*1.15 -> 18988.499
C105: Valor Dia Cuadrilla | F105: =+F102+F98 -> 240435.54
C106: Valor Hr Cuadrilla | D106: =C96 -> CUADRILLA "CC" (Pintura) | F106: =+F103+F99 -> 30054.443
C108: CUADRILLA "DD" (Carpinterias)
C109: Jornal Ayudante | E109: 1.44 Minimos | F109: =+F73*1.2 -> 43011.861
C110: Valor Real del Jornal | E110: 2.1477 | F110: =+F74*1.2 -> 92376.574
C111: Valor Total Hr Ayudante | F111: =+F75*1.2 -> 11547.072
C113: Jornal Oficial | E113: 2.52 Minimos | F113: =+F77*1.2 -> 75270.757
C114: Valor Real del Jornal | E114: 2.1059 | F114: =+F78*1.2 -> 158512.69
C115: Valor Total Hr Oficial | F115: =+F79*1.2 -> 19814.086
C117: Valor Dia Cuadrilla | F117: =+F114+F110 -> 250889.26
C118: Valor Hr Cuadrilla | D118: =C108 -> CUADRILLA "DD" (Carpinterias) | F118: =+F115+F111 -> 31361.158
C120: CUADRILLA "EE" (Cableado Estructural)
C121: Jornal Ayudante | E121: 1.56 Minimos | F121: =+F73*1.3 -> 46596.183
C122: Valor Real del Jornal | E122: 2.1477 | F122: =+F74*1.3 -> 100074.62
C123: Valor Total Hr Ayudante | F123: =+F75*1.3 -> 12509.328
C125: Jornal Oficial | E125: 2.73 Minimos | F125: =+F77*1.3 -> 81543.32
C126: Valor Real del Jornal | E126: 2.1059 | F126: =+F78*1.3 -> 171722.08
C127: Valor Total Hr Oficial | F127: =+F79*1.3 -> 21465.26
C129: Valor Dia Cuadrilla | F129: =+F126+F122 -> 271796.7
C130: Valor Hr Cuadrilla | D130: =C120 -> CUADRILLA "EE" (Cableado Estructural) | F130: =+F127+F123 -> 33974.587

Sheet Básicos
C3: Código | D3: CCE-EICP-FM-14 | E3: Versión | F3: 2 | H3: ALCALDÍA DE AGUACHICA
L5: VERSIÓN
D6: ANALISIS DE PRECIOS UNITARIOS | L6: PÁGINA | M6: 1 | N6: DE | O6: 1
L8: FECHA | M8: DD | N8: MM | O8: AA
C9: ÍTEMS BÁSICOS
C10: DATOS ESPECÍFICOS
C11: ÍTEM | D11: DESCRIPCIÓN | M11: UNIDAD | O11: CANTIDAD
C12: B1 | D12: Concreto 28Mpa | M12: M3
C13: I. EQUIPO
C14: DESCRIPCIÓN | H14: MARCA | J14: TIPO | L14: TARIFA | M14: RENDIMIENTO | O14: Vr. UNITARIO
C15: Herramienta menor (%M.O) | L15: 0.05 | O15: =L15*O42 -> 1960.0723
C16: Mezcladora | L16: 92800 | M16: =0.125 -> 0.125 | O16: =L16*M16 -> 11600
C20: SUBTOTAL $ | O20: =SUM(O15:O19) -> 13560.072
C21: II. MATERIALES
C22: DESCRIPCIÓN | K22: UNIDAD | L22: CANTIDAD | M22: PRECIO UNIT. | O22: Vr. UNITARIO
C23: Cemento | K23: kg | L23: 450 | M23: 600 | O23: =L23*M23 -> 270000
C24: Triturado | K24: kg | L24: 0.7 | M24: 98175 | O24: =L24*M24 -> 68722.5
C25: Arena | K25: m3 | L25: 0.7 | M25: 40320 | O25: =L25*M25 -> 28224
C26: Agua | K26: Lt | L26: 220 | M26: 69 | O26: =L26*M26 -> 15180
C27: Aditivo redutor de agua y plastificante (eucon) | K27: Kg | L27: 1.35 | M27: 17595.6 | O27: =L27*M27 -> 23754.06
C28: Aditivo acelerante u retardante | K28: Kg | L28: 1.35 | M28: 19719 | O28: =L28*M28 -> 26620.65
C30: Desperdicio | L30: 0.05 | O30: =SUM(O23:O29)*L30 -> 21625.061
C31: SUBTOTAL $ | O31: =SUM(O23:O30) -> 454126.27
C32: III. TRANSPORTES
C33: MATERIAL | J33: VOL. o PESO | K33: DISTANCIA | L33: M3 o Ton/Km | M33: TARIFA | O33: Vr. UNITARIO
C34: Triturado Planta Obra | J34: =+L24 -> 0.7 | K34: 26.5 | L34: =J34*K34 -> 18.55 | M34: 1200 | O34: =L34*M34 -> 22260
C35: Arena cantera obra | J35: =+L25 -> 0.7 | K35: 26.5 | L35: =J35*K35 -> 18.55 | M35: 1200 | O35: =L35*M35 -> 22260
C36: SUBTOTAL $ | O36: =SUM(O34:O35) -> 44520
C37: IV. MANO DE OBRA
C38: TRABAJADOR | K38: HORA TOTAL | M38: RENDIMIENTO | O38: Vr. UNITARIO
C39: =+'MO2021'!C72 -> CUADRILLA "AA" (Albañileria) | K39: =+'MO2021'!F82 -> 26134.298 | M39: 1.5 | O39: =K39*M39 -> 39201.447
C42: SUBTOTAL $ | O42: =SUM(O39:O41) -> 39201.447
C44: TOTAL COSTO DIRECTO $ | O44: =+O20+O31+O36+O42 -> 551407.79
C45: V. COSTOS INDIRECTOS
C46: Descripción | L46: Porcentaje | M46: Valor Total
C47: ADMINISTRACION | L47: 0 | M47: =O44*L47 -> 0
C48: IMPREVISTOS | L48: 0 | M48: =+O44*L48 -> 0
C49: UTILIDAD | L49: 0 | M49: =O44*L49 -> 0
C50: SUBTOTAL $ | O50: =SUM(M47:N49) -> 0
C52: Precio Unitario Total Aproximado al peso $ | O52: =ROUND(O44+O50,0) -> 551408
F53: Firma
F54: Nombre:
F55: Representante Legal del Contratista o su Apoderado
F56: Matricula No. :
C61: Código | D61: CCE-EICP-FM-14 | E61: Versión | F61: 2 | H61: ALCALDÍA DE AGUACHICA
L63: VERSIÓN
D64: ANALISIS DE PRECIOS UNITARIOS | L64: PÁGINA | M64: 1 | N64: DE | O64: 1
L66: FECHA | M66: DD | N66: MM | O66: AA
C67: ÍTEMS BÁSICOS
C68: DATOS ESPECÍFICOS
C69: ÍTEM | D69: DESCRIPCIÓN | M69: UNIDAD | O69: CANTIDAD
C70: B2 | D70: Concreto 24.5Mpa | M70: M3
C71: I. EQUIPO
C72: DESCRIPCIÓN | H72: MARCA | J72: TIPO | L72: TARIFA | M72: RENDIMIENTO | O72: Vr. UNITARIO
C73: Herramienta menor (%M.O) | L73: 0.05 | O73: =L73*O100 -> 1960.0723
C74: Mezcladora | L74: =L16 -> 92800 | M74: =0.125 -> 0.125 | O74: =L74*M74 -> 11600
C78: SUBTOTAL $ | O78: =SUM(O73:O77) -> 13560.072
C79: II. MATERIALES
C80: DESCRIPCIÓN | K80: UNIDAD | L80: CANTIDAD | M80: PRECIO UNIT. | O80: Vr. UNITARIO
C81: Cemento | K81: kg | L81: 420 | M81: =+M23 -> 600 | O81: =L81*M81 -> 252000
C82: Triturado | K82: kg | L82: 0.67 | M82: =+M24 -> 98175 | O82: =L82*M82 -> 65777.25
C83: Arena | K83: m3 | L83: 0.67 | M83: =+M25 -> 40320 | O83: =L83*M83 -> 27014.4
C84: Agua | K84: Lt | L84: 200 | M84: =+M26 -> 69 | O84: =L84*M84 -> 13800
C85: Aditivo redutor de agua y plastificante (eucon) | K85: Kg | L85: 1.26 | M85: =+M27 -> 17595.6 | O85: =L85*M85 -> 22170.456
C86: Aditivo acelerante u retardante | K86: Kg | L86: =0.003*L81 -> 1.26 | M86: =+M28 -> 19719 | O86: =L86*M86 -> 24845.94
C88: Desperdicio | L88: 0.05 | O88: =SUM(O81:O87)*L88 -> 20280.402
C89: SUBTOTAL $ | O89: =SUM(O81:O88) -> 425888.45
C90: III. TRANSPORTES
C91: MATERIAL | J91: VOL. o PESO | K91: DISTANCIA | L91: M3 o Ton/Km | M91: TARIFA | O91: Vr. UNITARIO
C92: Triturado Planta Obra | J92: =+L82 -> 0.67 | K92: 26.5 | L92: =J92*K92 -> 17.755 | M92: =+M34 -> 1200 | O92: =L92*M92 -> 21306
C93: Arena cantera obra | J93: =+L83 -> 0.67 | K93: 26.5 | L93: =J93*K93 -> 17.755 | M93: =+M35 -> 1200 | O93: =L93*M93 -> 21306
C94: SUBTOTAL $ | O94: =SUM(O92:O93) -> 42612
C95: IV. MANO DE OBRA
C96: TRABAJADOR | K96: HORA TOTAL | M96: RENDIMIENTO | O96: Vr. UNITARIO
C97: =+'MO2021'!C72 -> CUADRILLA "AA" (Albañileria) | K97: =+'MO2021'!F82 -> 26134.298 | M97: 1.5 | O97: =K97*M97 -> 39201.447
C100: SUBTOTAL $ | O100: =SUM(O97:O99) -> 39201.447
C102: TOTAL COSTO DIRECTO $ | O102: =+O78+O89+O94+O100 -> 521261.97
C103: V. COSTOS INDIRECTOS
C104: Descripción | L104: Porcentaje | M104: Valor Total
C105: ADMINISTRACION | L105: ='PRESUPUESTO OFICIAL'!K83 -> 0 | M105: =O102*L105 -> 0
C106: IMPREVISTOS | L106: ='PRESUPUESTO OFICIAL'!K84 -> 0 | M106: =+O102*L106 -> 0
C107: UTILIDAD | L107: ='PRESUPUESTO OFICIAL'!K85 -> 0 | M107: =O102*L107 -> 0
C108: SUBTOTAL $ | O108: =SUM(M105:N107) -> 0
C110: Precio Unitario Total Aproximado al peso $ | O110: =ROUND(O102+O108,0) -> 521262
F111: Firma
F112: Nombre:
F113: Representante Legal del Contratista o su Apoderado
F114: Matricula No. :
C119: Código | D119: CCE-EICP-FM-14 | E119: Versión | F119: 2 | H119: ALCALDÍA DE AGUACHICA
L121: VERSIÓN
D122: ANALISIS DE PRECIOS UNITARIOS | L122: PÁGINA | M122: 1 | N122: DE | O122: 1
L124: FECHA | M124: DD | N124: MM | O124: AA
C125: ÍTEMS BÁSICOS
C126: DATOS ESPECÍFICOS
C127: ÍTEM | D127: DESCRIPCIÓN | M127: UNIDAD | O127: CANTIDAD
C128: B3 | D128: Concreto 21Mpa | M128: M3
C129: I. EQUIPO
C130: DESCRIPCIÓN | H130: MARCA | J130: TIPO | L130: TARIFA | M130: RENDIMIENTO | O130: Vr. UNITARIO
C131: Herramienta menor (%M.O) | L131: 0.05 | O131: =L131*O158 -> 1960.0723
C132: Mezcladora | L132: =L16 -> 92800 | M132: =0.125 -> 0.125 | O132: =L132*M132 -> 11600
...

Sheet 1.01
F3: ANALISIS DE PRECIOS UNITARIOS
C5: ÍTEMS DE PRESUPUESTO OFICIAL
C7: DATOS ESPECÍFICOS
C8: ÍTEM | D8: DESCRIPCIÓN | M8: UNIDAD | O8: CANTIDAD
C9: =+'PRESUPUESTO OFICIAL'!D13 -> 1.01 | D9: =LOOKUP(C9,Item,Actividades) -> Conformación de calzada existente, sin adición de material - incluye rectificación de cunetas | M9: =LOOKUP(C9,Item,Unidades) -> M2 | O9: =LOOKUP(C9,Item,cantidades) -> 201500
C10: I. EQUIPO
C11: DESCRIPCIÓN | H11: MARCA | J11: TIPO | L11: TARIFA/HORA | M11: RENDIMIENTO | O11: Vr. UNITARIO
C12: Herramienta menor (%M.O) | L12: 0.05 | O12: =L12*O37 -> 2.1778582
C13: Carrotanque de agua | L13: 68000 | M13: 600 | O13: =L13/M13 -> 113.33333
C14: Motoniveladora ancho cuchilla 4,27m | L14: 160000 | M14: 600 | O14: =L14/M14 -> 266.66667
C15: Vibrocompactador 10 Ton | L15: 110000 | M15: 600 | O15: =L15/M15 -> 183.33333
C16: SUBTOTAL $ | O16: =SUM(O12:O15) -> 565.51119
C17: II. MATERIALES
C18: DESCRIPCIÓN | K18: UNIDAD | L18: CANTIDAD | M18: PRECIO UNIT. | O18: Vr. UNITARIO
C19: Agua | K19: lt | L19: 3 | M19: 60 | O19: =L19*M19 -> 180
O20: =L20*M20 -> 0
C24: desperdicio | L24: 0.03 | O24: =O19*L24 -> 5.4
C26: SUBTOTAL $ | O26: =SUM(O19:O25) -> 185.4
C27: III. TRANSPORTES
C28: MATERIAL | J28: VOL. o PESO | K28: DISTANCIA | L28: M3 o Ton/Km | M28: TARIFA | O28: Vr. UNITARIO
O29: =L29*M29 -> 0
C31: SUBTOTAL $ | O31: =SUM(O29:O30) -> 0
C32: IV. MANO DE OBRA
C33: TRABAJADOR | K33: HORA TOTAL | M33: RENDIMIENTO | O33: Vr. UNITARIO
C34: =+'MO2021'!C72 -> CUADRILLA "AA" (Albañileria) | K34: =+'MO2021'!F82 -> 26134.298 | M34: 600 | O34: =K34/M34 -> 43.557163
O35: =K35*M35 -> 0
C37: SUBTOTAL $ | O37: =SUM(O34:O36) -> 43.557163
C39: TOTAL COSTO DIRECTO $ | O39: =+O16+O26+O31+O37 -> 794.46835
C40: V. COSTOS INDIRECTOS
C41: Descripción | L41: Porcentaje | M41: Valor Total
C42: ADMINISTRACION | L42: ='PRESUPUESTO OFICIAL'!K25 -> 0.27 | M42: =O39*L42 -> 214.50646
C43: IMPREVISTOS | L43: ='PRESUPUESTO OFICIAL'!K26 -> 0 | M43: =+O39*L43 -> 0
C44: UTILIDAD | L44: ='PRESUPUESTO OFICIAL'!K27 -> 0.03 | M44: =O39*L44 -> 23.834051
C45: SUBTOTAL $ | O45: =SUM(M42:N44) -> 238.34051
C47: Precio Unitario Total Aproximado al peso $ | O47: =ROUND(O39+O45,0) -> 1033
C50: Giancarlo Solano Lobo
C51: R/L ESTRUCAD INGENIERIA Y CONSULTORIA S.A.S.
C52: PROPONENTE

Sheet 1.02
F3: ANALISIS DE PRECIOS UNITARIOS
C6: ÍTEMS DE PRESUPUESTO OFICIAL
C8: DATOS ESPECÍFICOS
C9: ÍTEM | D9: DESCRIPCIÓN | M9: UNIDAD | O9: CANTIDAD
C10: ='PRESUPUESTO OFICIAL'!D14 -> 1.02 | D10: ='PRESUPUESTO OFICIAL'!G14 -> Mejoramiento de la sub-rasante con adicion de materiales | M10: =LOOKUP(C10,Item,Unidades) -> M2 | O10: =LOOKUP(C10,Item,cantidades) -> 52571.668
C11: I. EQUIPO
C12: DESCRIPCIÓN | H12: MARCA | J12: TIPO | L12: TARIFA/HORA | M12: RENDIMIENTO | O12: Vr. UNITARIO
C13: Herramienta menor (%M.O) | L13: 0.05 | O13: =L13*O38 -> 2.1778582
C14: Carrotanque de agua | L14: 68000 | M14: 600 | O14: =L14/M14 -> 113.33333
C15: Motoniveladora ancho cuchilla 4,27m | L15: =+'1.01'!L14 -> 160000 | M15: 600 | O15: =L15/M15 -> 266.66667
C16: Vibrocompactador 10 Ton | L16: =+'1.01'!L15 -> 110000 | M16: 600 | O16: =L16/M16 -> 183.33333
C17: SUBTOTAL $ | O17: =SUM(O13:O16) -> 565.51119
C18: II. MATERIALES
C19: DESCRIPCIÓN | K19: UNIDAD | L19: CANTIDAD | M19: PRECIO UNIT. | O19: Vr. UNITARIO
C20: Agua | K20: lt | L20: 3 | M20: =+'1.01'!M19:N19 -> 60 | O20: =L20*M20 -> 180
O21: =L21*M21 -> 0
C25: desperdicio | L25: 0.03 | O25: =O20*L25 -> 5.4
C27: SUBTOTAL $ | O27: =SUM(O20:O26) -> 185.4
C28: III. TRANSPORTES
C29: MATERIAL | J29: VOL. o PESO | K29: DISTANCIA | L29: M3 o Ton/Km | M29: TARIFA | O29: Vr. UNITARIO
C30: material de sub-base | K30: 20 | L30: 7 | M30: 1050 | O30: =L30*M30*K30/140 -> 1050
C32: SUBTOTAL $ | O32: =SUM(O30:O31) -> 1050
C33: IV. MANO DE OBRA
C34: TRABAJADOR | K34: HORA TOTAL | M34: RENDIMIENTO | O34: Vr. UNITARIO
C35: =+'MO2021'!C72 -> CUADRILLA "AA" (Albañileria) | K35: =+'MO2021'!F82 -> 26134.298 | M35: 600 | O35: =K35/M35 -> 43.557163
O36: =K36*M36 -> 0
C38: SUBTOTAL $ | O38: =SUM(O35:O37) -> 43.557163
C40: TOTAL COSTO DIRECTO $ | O40: =+O17+O27+O32+O38 -> 1844.4684
C41: V. COSTOS INDIRECTOS
C42: Descripción | L42: Porcentaje | M42: Valor Total
C43: ADMINISTRACION | L43: ='PRESUPUESTO OFICIAL'!K25 -> 0.27 | M43: =O40*L43 -> 498.00646
C44: IMPREVISTOS | L44: ='PRESUPUESTO OFICIAL'!K26 -> 0 | M44: =+O40*L44 -> 0
C45: UTILIDAD | L45: ='PRESUPUESTO OFICIAL'!K27 -> 0.03 | M45: =O40*L45 -> 55.334051
C46: SUBTOTAL $ | O46: =SUM(M43:N45) -> 553.34051
C48: Precio Unitario Total Aproximado al peso $ | O48: =ROUND(O40+O46,0) -> 2398
C51: Giancarlo Solano Lobo
C52: R/L ESTRUCAD INGENIERIA Y CONSULTORIA S.A.S.
C53: PROPONENTE

Sheet M1.01
C3: Código MC 14 Versión 2
D6: MEMORIA DE CANTIDADES
K7: Fecha: | L7: 07 de enero de 2021
D8: ÍTEM | E8: DESCRIPCIÓN | L8: UNIDAD
D9: =+'PRESUPUESTO OFICIAL'!D13 -> 1.01 | E9: =LOOKUP(D9,Item,Actividades) -> Conformación de calzada existente, sin adición de material - incluye rectificación de cunetas | L9: =LOOKUP(D9,Item,Unidades) -> M2
D11: Área/lugar/elemento | G11: Longitud (m) | H11: Ancho (m) | I11: A. PARCIAL | J11: Total | K11: ESQUEMA
D12: Via Nacional - Planadas de Limoncito | G12: 4800 | H12: 5 | I12: =G12*H12 -> 24000 | J12: =I12 -> 24000
D13: Planadas de limoncito - Yee Platanal (vereda boqueron) | G13: 5700 | H13: 5 | I13: =G13*H13 -> 28500 | J13: =I13 -> 28500
D14: Yee platanal (vereda boqueron) - Vereda Honduras(fin de via) | G14: 6200 | H14: 5 | I14: =G14*H14 -> 31000 | J14: =I14 -> 31000
D15: Yee platanal (vereda boqueron) - Quebrada el Tigre (fin de via vereda boqueron) | G15: 2200 | H15: 5 | I15: =G15*H15 -> 11000 | J15: =I15 -> 11000
D16: Yee planadas de limoncito - Yee palenquillo (vereda palenquillo) | G16: 5000 | H16: 5 | I16: =G16*H16 -> 25000 | J16: =I16 -> 25000
D17: Yee palenquillo ( vereda palenquillo) - Fin de Via Palenquillo (escuela sede palenquillo) | G17: 500 | H17: 5 | I17: =G17*H17 -> 2500 | J17: =I17 -> 2500
D18: Yee palenquillo ( vereda palenquillo) - Fin de Via Santa Rosa de Caracol | G18: 500 | H18: 5 | I18: =G18*H18 -> 2500 | J18: =I18 -> 2500
D19: Yee Comeavio - Escuela Cerro Redondo (vereda cerro redondo) | G19: 15400 | H19: 5 | I19: =G19*H19 -> 77000 | J19: =I19 -> 77000
G20: =SUM(G12:G19) -> 40300
J21: =SUM(J12:J20) -> 201500
D22: Observaciones:
D24: Leonel Pallares Guillin
D25: Gerente de Planeación y Obras

Sheet Hoja1

Sheet M1.02
C3: Código MC 14 Versión 2
D6: MEMORIA DE CANTIDADES
K7: Fecha: | L7: 07 de enero de 2021
D8: ÍTEM | E8: DESCRIPCIÓN | L8: UNIDAD
D9: ='PRESUPUESTO OFICIAL'!D14 -> 1.02 | E9: ='PRESUPUESTO OFICIAL'!G14 -> Mejoramiento de la sub-rasante con adicion de materiales | L9: =LOOKUP(D9,Item,Unidades) -> M2
D11: Área/lugar/elemento | G11: Longitud (m) | H11: Ancho (m) | I11: A. PARCIAL | J11: Total | K11: ESQUEMA
D12: Via Nacional - escuela Guaduas | G12: 7326.7 | H12: 5 | I12: =G12*H12 -> 36633.5 | J12: =I12 -> 36633.5
D13: Yee de Guaduas - Medios Caños | G13: 3187.6336 | H13: 5 | I13: =G13*H13 -> 15938.168 | J13: =I13 -> 15938.168
J14: =SUM(J12:J13) -> 52571.668
D15: Observaciones:
D17: Leonel Pallares Guillin
D18: Gerente de Planeación y Obras
